 Seeded DCSS version 0.28.0-43-g3370ac3207 (webtiles) character file.

Game seed: 9871404364189446373 (custom seed)

140 croobank the Chopper (level 4, -1/37 HPs)
             Began as a Demigod Gladiator on Mar 25, 2022.
             Slain by an iguana (3 damage)
             ... on level 5 of the Dungeon.
             The game lasted 00:14:47 (3328 turns).

croobank the Chopper (Demigod Gladiator)            Turns: 3328, Time: 00:14:48

Health: -1/37      AC:  4    Str: 15    XL:     4   Next: 71%
Magic:  5/7        EV: 12    Int: 14    God:
Gold:   146        SH:  0    Dex: 15    Spells: 0/4 levels left

rFire   . . .      SeeInvis .   a - +1 war axe
rCold   + . .      Faith    .   (no shield)
rNeg    + . .      Spirit   .   b - +0 leather armour
rPois   .          Reflect  .   c - +0 helmet
rElec   .          Harm     .   (no cloak)
rCorr   .          Rampage  .   (no gloves)
Will    .....                   (no boots)
Stlth   +.........              (no amulet)
HPRegen 0.12/turn               t - ring of positive energy
MPRegen 0.10/turn               w - ring of protection from cold

@: no status effects
A: high MP 1, forlorn, divine attributes
a: no special abilities


You were on level 5 of the Dungeon.
You visited 1 branch of the dungeon, and saw 5 of its levels.

You collected 146 gold pieces.

Inventory:

Hand Weapons
 a - a +1 war axe (weapon)
Missiles
 d - 3 throwing nets (quivered)
 e - 85 stones
 k - 93 arrows
 o - 3 poisoned darts
 q - 2 boomerangs
 r - 90 sling bullets
Armour
 b - a +0 leather armour (worn)
 c - a +0 helmet (worn)
 i - a +0 ring mail {flight}
 s - a +0 chain mail
Jewellery
 t - a ring of positive energy (left hand)
 w - a ring of protection from cold (right hand)
Scrolls
 g - a scroll of holy word {holy word, unknown}
 j - 2 scrolls of identify {identify, unknown}
 l - 4 scrolls of teleportation {teleport}
 m - 4 scrolls of amnesia {amnesia, unknown}
 n - a scroll of immolation {immolation, unknown}
Potions
 h - a potion of ambrosia {ambrosia, unknown}
 p - 2 potions of attraction {attraction, unknown}
 v - a potion of flight {flight, unknown}


   Skills:
 - Level 2.6 Fighting
 - Level 3.3 Axes
 - Level 2.6 Throwing
 - Level 3.3 Dodging
 * Level 0.8 Spellcasting
 + Level 0.4 Conjurations
 + Level 0.4 Air Magic
 + Level 0.5 Poison Magic


You couldn't memorise any spells.
You knew the following spells:

 Your Spells              Type           Power      Damage    Failure   Level
a - Mephitic Cloud        Conj/Pois/Air  1%         N/A       63%         3
b - Sting                 Tmut/Pois      4%         1d3       30%         1

Your spell library contained the following spells:

 Spells                   Type           Power      Damage    Failure   Level
 Poisonous Vapours        Pois/Air       4%         N/A       38%         2
 Ignite Poison            Fire/Tmut/Pois 1%         N/A       67%         3
 Olgreb's Toxic Radiance  Pois           2%         N/A       95%         4
 Freezing Cloud           Conj/Ice/Air   0%         6-21      100%        5


Dungeon Overview and Level Annotations

Branches:
Dungeon (5/15)
 Temple: D:4-7


Innate Abilities, Weirdness & Mutations

You have an increased reservoir of magic. (+10% MP)
You shall have no god before yourself.
Your divine heritage dramatically boosts your attributes as you level up.


Message History

You hit the iguana.
The iguana is lightly wounded.
The iguana bites you.
You closely miss the iguana.
The iguana is lightly wounded.
The iguana barely misses you.
You hit the iguana but do no damage.
The iguana is lightly wounded.
The iguana bites you.
You hit the iguana.
The iguana is moderately wounded.
The iguana closely misses you. x2
You hit the iguana.
The iguana is heavily wounded.
The iguana bites you!
You barely miss the iguana.
The iguana is heavily wounded.
The iguana barely misses you. The iguana bites you!
* * * LOW HITPOINT WARNING * * *
You closely miss the iguana.
The iguana is heavily wounded.
The iguana bites you!
* * * LOW HITPOINT WARNING * * *
Okay, then.
As you read the scroll labelled WOGOMNA WYEZXALO {torment}, it crumbles to dust.
You feel a surge of unholy energy.
The iguana convulses!
It was a scroll of torment {torment}.
The iguana completely misses you.
Casting: Sting (safe; 30% risk of failure)
Confirm with . or Enter, or press ? or * to list all spells.
Aiming: Sting (safe; 30% risk of failure)
Press: ? - help, Shift-Dir - straight line, f - iguana
Aim: an iguana (severely wounded, 69% to hit)
The sting misses the iguana.
The iguana barely misses you.
Casting: Sting (safe; 30% risk of failure)
Confirm with . or Enter, or press ? or * to list all spells.
Aiming: Sting (safe; 30% risk of failure)
Press: ? - help, Shift-Dir - straight line, f/p - iguana
Aim: an iguana (severely wounded, 69% to hit)
The sting misses the iguana.
The iguana bites you.
You die...

### ...
#####.#
###.....#
#.....#
#.#.#.#
#.#<#@#
#...#l#
###.#.#
#.#.#
...>#
#.### #.#
..#


You could see an iguana.

Vanquished Creatures
  An orc priest (D:3)
  2 adders
  An adder skeleton (D:4)
  A worm (D:2)
  2 dart slugs
  7 orcs
  7 ball pythons
  12 endoplasms
  8 goblins
  2 hobgoblins (D:2)
  7 jackals (D:4)
  3 quokkas
  7 bats
  3 frilled lizards
  2 kobolds
  2 rats (D:2)
67 creatures vanquished.

Notes
Turn   | Place    | Note
-------+----------+-------------------------------------------
     0 | D:1      | croobank the Demigod Gladiator began the quest for the Orb.
     0 | D:1      | Reached XP level 1. HP: 17/17 MP: 3/3
   335 | D:1      | Reached XP level 2. HP: 21/24 MP: 4/4
  1313 | D:2      | You fall into a shaft and drop 1 floor!
  1318 | D:3      | HP: 1/24 [orc priest/divine providence (13)]
  1337 | D:4      | Noticed an ogre
  1506 | D:4      | Noticed a black bear
  1564 | D:4      | Reached XP level 3. HP: 24/29 MP: 5/5
  2312 | D:2      | Reached XP level 4. HP: 19/37 MP: 6/6
  2673 | D:3      | Learned a level 3 spell: Mephitic Cloud
  3058 | D:3      | Learned a level 1 spell: Sting
  3308 | D:5      | Entered Level 5 of the Dungeon
  3325 | D:5      | HP: 1/37 [iguana (8)]
  3328 | D:5      | Slain by an iguana

Illustrated notes

Levels and vault maps discovered:
D:1:      onia_arrival_mini_maze_b, layout_basic, bh_walls_and_bars
D:2:      layout_basic, serial_glass, glass_columns_c, glass_columns_b,
          nrook_campfire, minmay_tripent
D:3:      layout_basic, minmay_misc_feat_encased
D:4:      layout_cave_pools
D:5:      layout_basic, cheibrodos_sewer_entry_sluice, uniq_ijyb, uniq_pikel,
          uniq_menkaure

Skill      XL: |  1  2 |
---------------+-------+-----
Fighting       | 2 |  2.6
Throwing       | 2 |  2.6
Axes           | 3 |  3.3
Dodging        | 3 |  3.3
Spellcasting   | |  0.8
Conjurations   | |  0.4
Air Magic      | |  0.4
Poison Magic   | |  0.5

Action                   |  1- 3 |  4- 6 || total
-------------------------+-------+-------++-------
Melee: War axe           |   115 |    65 ||   180
       Punch             |       |     2 ||     2
Throw: Throwing net      |     1 |       ||     1
 Cast: Sting             |       |     3 ||     3
  Use: Scroll            |     2 |     2 ||     4
       Potion            |     2 |     1 ||     3
Armor: Leather armour    |    46 |    22 ||    68
Dodge: Dodged            |    76 |    43 ||   119
